 Dungeon Crawl Stone Soup version 0.27-a0-1090-gb115f176c6 (webtiles) character file.

Game seed: 10359630576835668721

233 night the Conjurer (level 5, -1/38 HPs)
             Began as a Demigod Conjurer on Apr 27, 2021.
             Slain by an orc warrior
             ... wielding a +0 halberd
              (9 damage)
             ... on level 4 of the Dungeon.
             The game lasted 00:07:56 (4092 turns).

night the Conjurer (Demigod Conjurer)               Turns: 4092, Time: 00:07:57

Health: -1/38      AC:  7    Str:  8    XL:     5   Next: 45%
Magic:  0/13       EV: 12    Int: 24    God:
Gold:   132        SH:  0    Dex: 12    Spells: 1/11 levels left

rFire    . . .     SeeInvis .   i - +2 dagger (venom)
rCold    . . .     Faith    .   (no shield)
rNeg     . . .     Spirit   .   a - +1 robe
rPois    +         Reflect  .   (no helmet)
rElec    .         Harm     .   (no cloak)
rCorr    .         Rampage  .   (no gloves)
Will     .....                  (no boots)
Stlth    ++........             (no amulet)
HPRegen  0.12/turn              e - +4 ring of protection
MPRegen  0.13/turn              l - ring of poison resistance

@: no status effects
A: high mp 1, forlorn
a: no special abilities


You were on level 4 of the Dungeon.
You visited 1 branch of the dungeon, and saw 4 of its levels.

You collected 207 gold pieces.
You spent 75 gold pieces at shops.

Inventory:

Hand Weapons
 i - a +2 dagger of venom (weapon)
Missiles
 b - 50 arrows
 c - 15 bolts
 d - 170 stones
 m - 8 javelins
Armour
 a - a +1 robe (worn)
Jewellery
 e - a +4 ring of protection (left hand)
 l - a ring of poison resistance (right hand)
 q - a ring of fire
 t - a +6 ring of dexterity
Scrolls
 f - a scroll of enchant armour
 j - 2 scrolls of immolation
 o - a scroll of teleportation
 r - a scroll of blinking
 s - a scroll of enchant weapon {unknown}
Potions
 g - a potion of attraction {unknown}
 h - a potion of haste {unknown}
 k - a potion of curing {unknown}
 n - a potion of lignification {unknown}
 p - a potion of magic {unknown}


   Skills:
 - Level 2.0 Dodging
 - Level 2.0 Stealth
 + Level 3.7 Spellcasting
 + Level 5.1 Conjurations


You had one spell level left.
You knew the following spells:

 Your Spells              Type           Power      Damage    Failure   Level
a - Magic Dart            Conj           100%       1d8       1%          1
b - Searing Ray           Conj           58%        3d5       1%          2
c - Mephitic Cloud        Conj/Pois/Air  12%        N/A       16%         3
d - Iskenderun's Mystic   Conj/Tloc      16%        2d5       34%         4

Your spell library contained the following spells:

 Spells                   Type           Power      Damage    Failure   Level
 Conjure Flame            Conj/Fire      16%        6-21      11%         3
 Dazzling Flash           Conj/Hex       32%        N/A       11%         3
 Blink                    Tloc           N/A        N/A       16%         2
 Call Imp                 Summ           4%         N/A       16%         2
 Slow                     Hex            4%         N/A       16%         2
 Fulminant Prism          Conj/Hex       8%         3d7       34%         4


Dungeon Overview and Level Annotations

Branches:
Dungeon (4/15)
 Temple: D:4-7

Shops:
D:3 ?


Innate Abilities, Weirdness & Mutations

Your attributes grow dramatically as you level up.
You have an increased reservoir of magic. (+10% MP)
You shall have no god before yourself.


Message History

Aiming: Searing Ray (safe; 1% risk of failure)
Press: ? - help, Shift-Dir - straight line, f/p - orc warrior
Aim: an orc warrior, wielding a +0 halberd and wearing a +0 plate armour (lightly wounded, 79% to hit)
The searing ray hits the orc warrior!
The orc warrior is heavily wounded. (Press . to maintain the ray.)
The searing ray hits the orc warrior but does no damage.
The orc warrior is heavily wounded.
The searing ray hits the orc warrior but does no damage.
The orc warrior is heavily wounded.
The searing ray hits the orc warrior!
The orc warrior is severely wounded.
You finish channeling your searing ray.
The orc warrior closely misses you. The orc warrior closely misses you.
The orc barely misses you.
Casting: Searing Ray (safe; 1% risk of failure)
Confirm with . or Enter, or press ? or * to list all spells.
Aiming: Searing Ray (safe; 1% risk of failure)
Press: ? - help, Shift-Dir - straight line, f/p - orc warrior
Aim: an orc warrior, wielding a +0 halberd and wearing a +0 plate armour (severely wounded, 79% to hit)
The searing ray hits the orc!
You kill the orc!
The searing ray hits the orc warrior but does no damage.
The orc warrior is severely wounded. (Press . to maintain the ray.)
The searing ray hits the orc warrior.
The orc warrior is almost dead.
The orc warrior hits you from afar with a +0 halberd.
You aren't carrying any items that you can evoke.
Unknown command.
The orc warrior misses you.
You closely miss the orc warrior.
The orc warrior is almost dead.
The orc warrior hits you with a +0 halberd!!
Ouch! That really hurt!
* * * LOW HITPOINT WARNING * * *
You hit the orc warrior but do no damage.
The orc warrior is poisoned.
The orc warrior is almost dead.
The orc warrior hits you with a +0 halberd!
You die...

########........##..##
#................#..#.
#................#..#.
#................#..#.
#................#..#.
#................#..##
#...............##..##
#...............##..##
#....@...........#....
#....o...........'....
#...........##..##....
#....)......##..##....
#................#....
#................#....
#................#....
#................#....
#...........######....


You could see an orc warrior (very poisoned).

Vanquished Creatures
  A black bear (D:4)
  A statue (D:3)
  5 adders
  A worm (D:3)
  2 dart slugs
  4 orcs
  5 endoplasms
  2 giant cockroaches
  5 hobgoblins
  A jackal (D:2)
  7 kobolds
  3 quokkas
  7 ball pythons
  4 bats
  4 frilled lizards
  10 goblins
  5 rats
  2 bushes (D:2)
69 creatures vanquished.

Vanquished Creatures (others)
  6 plants (D:2)
6 creatures vanquished.

Grand Total: 75 creatures vanquished

Notes
Turn   | Place    | Note
-------+----------+-------------------------------------------
     0 | D:1      | night the Demigod Conjurer began the quest for the Orb.
     0 | D:1      | Reached XP level 1. HP: 14/14 MP: 5/5
   385 | D:1      | Reached skill level 2 in Dodging
   385 | D:1      | Reached skill level 2 in Stealth
   548 | D:1      | Reached skill level 2 in Spellcasting
   548 | D:1      | Reached XP level 2. HP: 20/20 MP: 4/7
   551 | D:1      | Learned a level 2 spell: Searing Ray
  1158 | D:2      | Reached skill level 4 in Conjurations
  1271 | D:2      | Reached XP level 3. HP: 26/26 MP: 5/9
  2642 | D:3      | Learned a level 3 spell: Mephitic Cloud
  2737 | D:3      | Reached XP level 4. HP: 33/33 MP: 8/11
  2961 | D:3      | Found Idesyh's Magic Scroll Shop.
  2965 | D:3      | Bought a scroll of blinking for 75 gold pieces
  3199 | D:3      | Noticed a charred statue
  3206 | D:3      | Killed a charred statue
  3798 | D:4      | Noticed a black bear
  3807 | D:4      | Killed a black bear
  3808 | D:4      | Reached skill level 5 in Conjurations
  3808 | D:4      | Reached XP level 5. HP: 27/38 MP: 1/13
  3925 | D:4      | Learned a level 4 spell: Iskenderun's Mystic Blast
  4074 | D:4      | Noticed an orc warrior
  4092 | D:4      | Slain by an orc warrior

Illustrated notes

Levels and vault maps discovered:
D:1:      elethiomel_arrival_infinity_welcomes_careful_drivers,
          layout_loops_ring
D:2:      wad_river_or_something, layout_basic, serial_forest,
          infiniplex_forest_lined_1, infiniplex_forest_split,
          infiniplex_forest_clump_curved, infiniplex_forest_join,
          infiniplex_forest_clump_long, chequers_ecumenical_altar_simple_redux,
          dk_noncrumbling_3
D:3:      layout_loops_cross, lemuel_tele_altar, vehumet_statue,
          nicolae_overflow_crystal_walls, serial_shops, shop
D:4:      minmay_goblin_kobold_castle, layout_gridville, serial_shops, shop

Skill      XL: |  1  2  3  4 |
---------------+-------------+-----
Dodging        | 2 |  2.0
Stealth        | 2 |  2.0
Spellcasting   | 2 3 |  3.7
Conjurations   | 4 5 |  5.1

Action                   |  1- 3 |  4- 6 || total
-------------------------+-------+-------++-------
Melee: Dagger            |    96 |     2 ||    98
 Cast: Magic Dart        |    63 |    51 ||   114
       Searing Ray       |     7 |     5 ||    12
  Use: Scroll            |     4 |     1 ||     5
       Potion            |       |     1 ||     1
 Stab: Sleeping          |     2 |       ||     2
Armor: Robe              |     7 |     1 ||     8
Dodge: Dodged            |    11 |     8 ||    19

Table legend: (Time is in decaauts)
 A = Elapsed time spent in this place.
 B = Non-inter-level travel time spent in this place.
 C = Inter-level travel time spent in this place.
 D = Time resting spent in this place.
 E = Time spent auto-exploring this place.
 F = Levels seen in this place.
 G = Mean time per level.
                   A        B        C        D        E       F      G
               +--------+--------+--------+--------+--------+-----+--------+
         Total |   4092 |   3874 |    218 |      0 |   3442 |   4 | 1023.0 |
       Dungeon |   4092 |   3874 |    218 |      0 |   3442 |   4 | 1023.0 |
               +--------+--------+--------+--------+--------+-----+--------+

Top non-repeatable levels by time:
     D:2: 1770 daAuts
     D:3: 1134 daAuts
     D:1: 838 daAuts
     D:4: 348 daAuts
